 Dungeon Crawl Stone Soup version 0.21-a0-297-ga3d34c2 (webtiles) character file.

420862 Leszczynek the Brawler (level 22, -4/253 HPs)
             Began as a Troll Skald on Sept 28, 2017.
             Was a High Priest of Okawaru.
             Splashed by an acid blob's acid (5 damage)
             ... created by the Royal Jelly
             ... while paralysed by a floating eye
             ... on level 5 of the Pits of Slime on Sept 29, 2017.
             The game lasted 03:36:36 (25859 turns).

Leszczynek the Brawler (Troll Skald)               Turns: 25859, Time: 03:36:37

Health: -4/253     AC:  9    Str: 34    XL:     22   Next: 33%
Magic:  24/30      EV:  1    Int: 12    God:    Okawaru [*****.]
Gold:   1454       SH:  0    Dex: 15    Spells: 10/34 levels left

rFire    . . .     SeeInvis +     - Unarmed
rCold    + . .     Gourm    +   E - +4 shield "Peuttuliaw" {god gift, rElec MR+ Str+3}
rNeg     + . .     Faith    .   n - quicksilver dragon scales
rPois    .         Spirit   .   M - +2 hat {MR+}
rElec    +         Reflect  .   O - +1 cloak "Disem" {+Fly rCorr Str+6 Int-4}
rCorr    +         Harm     .   (gloves unavailable)
MR       ++++.                  (boots unavailable)
Stlth    +.........             W - macabre finger necklace {rN+}
HPRegen  0.92/turn              w - ring of Fedhas's Pride {rElec rC+ Int+3 SInv Stlth-}
MPRegen  0.22/turn              z - +6 ring of evasion
                                A - +5 ring of protection

@: paralysed, agile, about to teleport, finesse, corroded
A: unfitting armour, claws 3, horns 1, talons 2, icy blue scales 2, blurry
vision 1, deformed body, dopey 1, fast metabolism 3, gourmand, regeneration 1,
robust 2, shaggy fur 1, tough skin 2, MP-powered wands, sturdy frame 1
}: 3/15 runes: barnacled, silver, gossamer
a: Heroism, Finesse, Renounce Religion, Evoke Flight


You were on level 5 of the Pits of Slime.
You worshipped Okawaru.
Okawaru was extremely pleased with you.
You were not hungry.

You visited 8 branches of the dungeon, and saw 44 of its levels.
You also visited: Labyrinth, Bailey, Ice Cave and Wizlab.

You collected 4239 gold pieces.
You spent 2785 gold pieces at shops.

Inventory:

Missiles
 j - 75 large rocks (quivered)
 p - 5 throwing nets
 P - 34 javelins of penetration {god gift}
Armour
 e - a +2 cloak of cold resistance
 n - quicksilver dragon scales (worn)
 y - a +2 large shield of protection {god gift}
 E - the +4 shield "Peuttuliaw" (worn) {god gift, rElec MR+ Str+3}
   (Okawaru gifted it to you on level 1 of the Spider Nest)

   It affects your strength (+3).
   It insulates you from electricity.
   It affects your resistance to hostile enchantments.
 F - the +5 robe of the Doge {god gift, rElec rPois rC- Regen+}
   (Okawaru gifted it to you on level 12 of the Dungeon)

   It makes you vulnerable to cold.
   It insulates you from electricity.
   It protects you from poison.
   It increases your rate of regeneration.
 M - a +2 hat of magic resistance (worn)
 O - the +1 cloak "Disem" (worn) {+Fly rCorr Str+6 Int-4}
   (You found it on level 3 of the Elven Halls)

   It affects your strength (+6).
   It affects your intelligence (-4).
   It lets you fly.
   It protects you from acid and corrosion.
Magical Staves
 H - an uncursed staff of wizardry
Jewellery
 l - an uncursed ring of positive energy
 w - the ring of Fedhas's Pride (left claw) {rElec rC+ Int+3 SInv Stlth-}
   (You took it off a deep elf death mage on level 3 of the Elven Halls)

   [ring of intelligence]

   It affects your intelligence (+3).
   It protects you from cold.
   It insulates you from electricity.
   It lets you see invisible.
   It makes you less stealthy.
 z - a +6 ring of evasion (right claw)
 A - a +5 ring of protection (on amulet)
 V - the ring of Greed {Fire MR+ MP-9 Dex+4}
   (You found it in a labyrinth)

   [ring of fire]

   It enhances your fire magic.
   It affects your dexterity (+4).
   It protects you from fire.
   It makes you vulnerable to cold.
   It affects your resistance to hostile enchantments.
   It affects your magic capacity (-9).
 W - the macabre finger necklace (around neck) {rN+}
   (You found it in a labyrinth)

   [amulet of nothing]

   It protects you from negative energy.
 X - the ring of Nywkijig {rF+ Int+3}
   (You took it off a frost giant on level 5 of the Vaults)

   [ring of protection from fire]

   It affects your intelligence (+3).
   It protects you from fire.
Wands
 g - a wand of acid (7/15)
 I - a wand of paralysis (11/24)
 N - a wand of clouds (4/9)
 Q - a wand of confusion (27/48)
 S - a wand of digging (20/24)
Scrolls
 c - 10 scrolls of teleportation
 h - 7 scrolls of fog
 o - 15 scrolls of remove curse {@r2}
 r - a scroll of fear
 u - 3 scrolls of magic mapping
 C - 3 scrolls of recharging
 J - a scroll of blinking
Potions
 a - 2 potions of invisibility
 f - 4 potions of cancellation
 k - 5 potions of flight
 m - a potion of heal wounds {@q2}
 q - 2 potions of lignification {!q}
 s - 2 potions of haste
 x - 7 potions of curing {@q1}
 B - 2 potions of agility
 G - 2 potions of mutation {!q}
 L - 8 potions of brilliance
 R - 4 potions of ambrosia
 T - 4 potions of berserk rage {!q}
 U - 2 potions of magic
Miscellaneous
 b - 3 boxes of beasts
 i - a lightning rod (4/4)
 t - a phial of floods
 D - 5 phantom mirrors
 K - 2 sacks of spiders
 Y - a lamp of fire
Comestibles
 d - 15 bread rations
 v - 22 meat rations


   Skills:
 - Level 11.2 Fighting
 * Level 7.0 Throwing
 - Level 5.1 Armour
 - Level 8.2 Dodging
 - Level 10.3 Shields
 - Level 18.0 Unarmed Combat
 - Level 6.5 Spellcasting
 - Level 4.1 Charms
 - Level 3.6 Summonings
 - Level 5.1 Necromancy
 - Level 7.2 Translocations
 + Level 11.9 Transmutations
 - Level 4.1 Ice Magic
 + Level 13.1 Earth Magic
 - Level 7.1 Invocations
 - Level 10.2 Evocations


You had 10 spell levels left.
You knew the following spells:

 Your Spells              Type           Power        Failure   Level  Hunger
a - Passage of Golubria   Tloc           N/A          10%         4    ####...
b - Lee's Rapid Deconstr  Erth           #####.....   2%          5    ######.
c - Summon Butterflies    Summ           ##......     4%          1    None
d - Song of Slaying       Chrm           ##......     5%          2    ##.....
e - Ozocubu's Armour      Chrm/Ice       ##......     11%         3    ###....
f - Beastly Appendage     Tmut           ####..       1%          1    None
g - Passwall              Tmut/Erth      ####......   1%          2    ##.....
q - Regeneration          Chrm/Necr      ##........   9%          3    ###....
A - Apportation           Tloc           ###...       1%          1    None
B - Blink                 Tloc           N/A          1%          2    ##.....


Dungeon Overview and Level Annotations

Branches:
Dungeon (15/15)              Lair (6/6) D:10         Shoals (4/4) Lair:4
 Spider (4/4) Lair:3        Slime (5/5) Lair:5          Orc (2/2) D:11
    Elf (3/3) Orc:2        Vaults (5/5) D:13          Crypt (0/3) Vaults:3
 Temple: D:4-7       Depths: D:15

Altars:
Ashenzari
Fedhas
Gozag
Kikubaaqudgha
Nemelex Xobeh
Okawaru
Xom
Yredelemnul
Zin
Beogh
Jiyva

Shops:
Orc:2 (((}   Elf:1 (   Elf:3 =}=   Vaults:3 (   Vaults:4 [

Annotations:
D:6 Hasart's ghost, novice FoFi
D:10 2+ death yaks
D:13 vaults (E)
Lair:4 4h, exclusion: hydra
Lair:6 don't go there if you don't want to die on the stairs!


Innate Abilities, Weirdness & Mutations

You are too large for most types of armour.
You have claws for hands.
Your metabolism is lightning-fast.
You like to eat raw meat.
Your natural rate of healing is unusually fast.
You are covered in fur. (AC +1)
You have very tough skin. (AC +2)
You have a pair of small horns on your head.
You have razor-sharp toenails.
You are mostly covered in icy blue scales. (AC +3)
Scrolls take you a little longer to read.
Armour fits poorly on your strangely shaped body.
You are dopey. (Int -2)
You are very robust. (+20% HP)
You expend magic power (3 MP) to strengthen your wands.
Your movements are slightly less encumbered by armour. (ER -2)


Message History

* * * LOW HITPOINT WARNING * * *
The acid blob hits you.
* * * LOW HITPOINT WARNING * * *
You are splashed with acid!
The acid burns!
You resist.
* * * LOW HITPOINT WARNING * * *
A very large slime creature splits.
The enormous slime creature hits you but does no damage.
The acid blob hits you!
* * * LOW HITPOINT WARNING * * *
You are splashed with acid!
The acid burns!
You resist.
* * * LOW HITPOINT WARNING * * *
The death ooze hits you!
* * * LOW HITPOINT WARNING * * *
The death ooze hits you.
* * * LOW HITPOINT WARNING * * *
The floating eye's stare focuses on you.
The acid blob hits you.
* * * LOW HITPOINT WARNING * * *
You are splashed with acid!
The acid burns!
You resist.
You die...

#..G.........#
##..........##
#?(.).J..[.})##
$?[$......["$$#
(=%))..JJ=}φ=[#
#.J# .. ##J# ...
#JJ# .... ##
#@######....
...###JJJ#.#.....
.......GJJ........
..................
..................
..................
..................
...^..............
..................


You could see 4 acid blobs, an azure jelly, an enormous slime creature, 2 large
slime creatures, a slime creature, 2 death oozes and a floating eye.

Vanquished Creatures
  the Royal Jelly (Slime:5)
  An ancient lich (Vaults:5)
  Saint Roka (Orc:2)
  3 golden dragons (Vaults:5)
  Arachne (Spider:2)
  Jorgrun (Shoals:4)
  The ghost of p0werm0de the Jinx, an adept GnCK of Ashenzari (Vaults:2)
  A tentacled monstrosity (Vaults:5)
  2 quicksilver dragons (Vaults:5)
  An Ice Fiend (IceCv)
  3 titans (Vaults:5)
  A deep elf master archer (Elf:3)
  3 deep elf blademasters (Elf:3)
  9 acid blobs
  A sphinx (shapeshifter) (Vaults:5)
  Gastronok (Lair:1)
  2 tengu reavers (Vaults:5)
  Frances (Shoals:1)
  Agnes (Spider:3)
  8 sphinxes
  3 shadow dragons (Vaults:5)
  3 storm dragons (Vaults:5)
  Ilsuiw (Shoals:4)
  5 azure jellies
  6 deep elf sorcerers
  A ghost moth (Spider:4)
  15 vault wardens
  2 fire giants (Vaults:5)
  Louise (Spider:2)
  12 ironheart preservers
  7 emperor scorpions (Spider:4)
  5 deep elf elementalists
  4 frost giants (Vaults:5)
  A caustic shrike zombie (WizLab)
  3 war gargoyles (Vaults:5)
  A very ugly thing (Vaults:5)
  13 deep elf demonologists
  2 entropy weavers (Spider:4)
  6 stone giants
  5 deep elf annihilators
  8 ettins
  An ettin (shapeshifter) (Vaults:5)
  5 merfolk javelineers (Shoals:4)
  8 deep elf death magi
  6 merfolk impalers
  A minotaur (Lab)
  A death ooze (Slime:5)
  9 deep elf high priests
  9 yaktaur captains
  Fannar (D:12)
  29 vault guards
  10 ogre magi
  A fire dragon (Vaults:1)
  4 great orbs of eyes
  6 hydras
  10 centaur warriors
  2 death knights
  2 ice dragons
  An anaconda (shapeshifter) (Vaults:5)
  33 two-headed ogres
  3 merfolk aquamancers
  A two-headed ogre (shapeshifter) (Vaults:2)
  12 dancing weapons
  2 alligator snapping turtles
  4 merfolk avatars
  3 tengu warriors
  6 satyrs
  3 deep troll shamans
  4 orc high priests (Orc:2)
  Urug (Lair:3)
  12 deep elf knights
  A storm dragon zombie (Vaults:1)
  3 shadow wraiths
  6 sea snakes
  3 unseen horrors
  A flayed ghost (Vaults:1)
  An unseen horror (shapeshifter) (Vaults:5)
  14 deep trolls
  A glowing orange brain (shapeshifter) (Vaults:4)
  18 deep elf archers
  A harpy (shapeshifter) (Elf:1)
  2 wizards
  3 necromancers
  17 ironbrand convokers
  3 phantasmal warriors (Vaults:5)
  12 harpies
  A stone giant zombie (Vaults:3)
  46 deep elf magi
  15 wolf spiders
  10 orb spiders
  9 wolf spider zombies (Spider:2)
  11 orc knights
  3 shining eyes
  A shining eye (shapeshifter) (Vaults:5)
  A fire giant zombie (Vaults:3)
  8 cyclopes
  21 ugly things
  20 manticores
  4 fauns
  6 orc sorcerers
  5 elephants (Lair:5)
  An ice statue (IceCv)
  5 merfolk sirens
  5 moths of wrath
  2 centaur zombies
  2 black mambas
  2 spiny frogs (Lair:5)
  6 water nymphs
  5 centaur skeletons
  2 gargoyles
  An eye of devastation (Slime:2)
  17 vault sentinels
  A spriggan zombie (WizLab)
  Psyche (D:8)
  An eye of devastation (shapeshifter) (Vaults:5)
  8 redback zombies (Spider:2)
  An efreet (D:15)
  2 kobold demonologists
  10 freezing wraiths
  2 komodo dragons
  2 anaconda simulacra (IceCv)
  33 yaktaurs
  6 ice devils (IceCv)
  7 demonic crawlers
  A rime drake (Lair:3)
  6 trolls
  2 golden dragon simulacra (IceCv)
  A polar bear (shapeshifter) (Vaults:4)
  A yaktaur skeleton (Vaults:3)
  2 tengu conjurers
  2 merfolk (shapeshifter) (Vaults:5)
  21 merfolk
  3 meliai (D:15)
  28 jumping spiders
  4 hornets
  4 wind drakes
  4 hippogriffs
  11 tarantella zombies (Spider:2)
  7 snapping turtles
  A deep troll zombie (WizLab)
  5 dream sheep
  A blink frog (Lair:5)
  A meliai zombie (D:14)
  23 slime creatures
  An ice dragon zombie (WizLab)
  A fire giant simulacrum (Vaults:1)
  3 air elementals
  69 redbacks
  3 wyverns
  17 yaks
  3 dire elephant simulacra (IceCv)
  9 water elementals
  2 hungry ghosts
  24 tarantellas
  A human (D:13)
  2 wraiths
  3 basilisks
  5 golden eyes
  Grum (D:9)
  2 vampire mosquitoes (D:15)
  A steam dragon (D:13)
  2 acid dragons (Vaults:2)
  6 iron troll simulacra (IceCv)
  6 wargs
  5 harpy simulacra (IceCv)
  A hydra simulacrum (IceCv)
  3 porcupines
  3 water moccasins
  A hornet zombie (D:12)
  An ice beast (D:12)
  48 orc warriors
  An eye of draining (D:14)
  3 sky beasts
  A black bear (shapeshifter) (D:15)
  29 ogres
  2 black bears
  13 boggarts
  An elf zombie (Vaults:3)
  7 phantoms
  12 wolves
  24 centaurs
  An orc skeleton (Vaults:1)
  8 crocodiles
  11 bullfrogs
  3 earth elementals
  2 wyvern zombies
  A wyvern skeleton (D:14)
  24 killer bees
  An orc simulacrum (Vaults:1)
  3 human simulacra
  An elf simulacrum (Vaults:2)
  An electric eel (D:13)
  3 howler monkeys
  A lava snake (D:13)
  4 crimson imps
  4 hounds
  2 jellies
  3 quasits
  23 orc priests
  3 draconian simulacra (IceCv)
  A bullfrog zombie (D:13)
  A bullfrog skeleton (D:10)
  12 orc wizards
  An iguana (D:11)
  Natasha (D:2)
  A killer bee zombie (D:8)
  5 worker ants
  4 hell rats (D:10)
  A polar bear simulacrum (IceCv)
  A spriggan simulacrum (IceCv)
  2 troll simulacra (IceCv)
  2 wolf simulacra (IceCv)
  A hound zombie (D:8)
  2 ogre simulacra (IceCv)
  8 adders
  3 naga simulacra (IceCv)
  2 river rats (D:10)
  3 shadow imps
  8 white imps
  8 ufetubi (IceCv)
  2 oozes (D:1)
  An adder zombie (D:3)
  An adder skeleton (D:6)
  2 worms
  6 leopard geckos
  103 orcs
  2 giant cockroaches
  3 goblins
  A hobgoblin (D:3)
  4 jackals
  2 kobolds
  2 quokkas
  A ball python (D:6)
  3 bats
  4 frilled lizards
  A jackal skeleton (D:5)
  A jackal zombie (D:6)
  9 rats
  2 crawling corpses (Vaults:5)
  A plant (Lair:2)
1467 creatures vanquished.

Vanquished Creatures (collateral kills)
  An acid blob (Slime:5)
  2 crawling corpses (Vaults:5)
3 creatures vanquished.

Vanquished Creatures (others)
  A deep elf mage (Elf:2)
  A yaktaur (Vaults:5)
  5 fungi
  9 plants
16 creatures vanquished.

Grand Total: 1486 creatures vanquished

Notes
Turn   | Place    | Note
-------+----------+-------------------------------------------
     0 | D:1      | Leszczynek the Troll Skald began the quest for the Orb.
     0 | D:1      | Reached XP level 1. HP: 19/19 MP: 1/1
    19 | D:1      | Reached XP level 2. HP: 26/27 MP: 2/2
    23 | D:1      | Learned a level 2 spell: Shroud of Golubria
   171 | D:1      | Reached skill level 3 in Unarmed Combat
   238 | D:2      | Noticed Natasha
   246 | D:2      | Killed Natasha
   246 | D:2      | Reached skill level 4 in Unarmed Combat
   246 | D:2      | Reached XP level 3. HP: 33/33 MP: 0/3
   286 | D:2      | Found an iron altar of Okawaru.
   295 | D:2      | Became a worshipper of Warmaster Okawaru
   405 | D:3      | Found a blossoming altar of Fedhas.
   464 | D:3      | Reached XP level 4. HP: 41/41 MP: 4/4
   521 | D:3      | Learned a level 2 spell: Blink
   564 | D:3      | Reached skill level 5 in Unarmed Combat
   730 | D:4      | Reached XP level 5. HP: 40/48 MP: 5/5
   782 | D:5      | Entered Level 5 of the Dungeon
   856 | D:5      | Reached skill level 6 in Unarmed Combat
   926 | D:6      | Noticed a centaur
   931 | D:6      | Killed a centaur
   931 | D:6      | Reached * piety under Okawaru
   931 | D:6      | Reached XP level 6. HP: 50/55 MP: 6/6
  1020 | D:6      | Reached skill level 7 in Unarmed Combat
  1043 | D:6      | Upgraded the game from 0.21-a0-286-g6fcecc0 to 0.21-a0-297-ga3d34c2
  1088 | D:6      | Reached XP level 7. HP: 57/62 MP: 7/7
  1093 | D:6      | Reached skill level 8 in Unarmed Combat
  1111 | D:6      | Reached ** piety under Okawaru
  1111 | D:6      | Reached skill level 2 in Fighting
  1123 | D:6      | Found a sparkling altar of Nemelex Xobeh.
  1155 | D:6      | Found an opulent altar of Gozag.
  1204 | D:6      | Reached skill level 3 in Fighting
  1338 | D:6      | Noticed Hasart's ghost (novice FoFi)
  1425 | D:6      | Reached XP level 8. HP: 55/75 MP: 8/8
  1533 | D:7      | Reached skill level 4 in Fighting
  1661 | D:8      | Reached *** piety under Okawaru
  1661 | D:8      | Reached skill level 9 in Unarmed Combat
  1684 | D:8      | bees
  1707 | D:8      | Found a shattered altar of Ashenzari.
  1721 | D:8      | Noticed a hornet
  1727 | D:8      | Paralysed by a hornet for 2 turns
  1730 | D:8      | Killed a hornet
  1730 | D:8      | Reached skill level 5 in Fighting
  1754 | D:8      | Reached skill level 2 in Dodging
  1958 | D:8      | Noticed Psyche
  1972 | D:8      | Killed Psyche
  1972 | D:8      | Reached skill level 3 in Dodging
  1972 | D:8      | Reached XP level 9. HP: 42/88 MP: 7/9
  2011 | D:8      | Found a shimmering altar of Xom.
  2075 | D:8      | Reached skill level 4 in Dodging
  2084 | D:8      | Reached **** piety under Okawaru
  2168 | D:9      | Noticed Grum
  2172 | D:9      | Reached skill level 1 in Invocations
  2245 | D:9      | Killed Grum
  2245 | D:9      | Reached skill level 10 in Unarmed Combat
  2245 | D:9      | Reached skill level 2 in Invocations
  2309 | D:10     | Entered Level 10 of the Dungeon
  2466 | D:10     | Noticed a death yak
  2466 | D:10     | Noticed a death yak
  2602 | D:9      | Learned a level 1 spell: Apportation
  2604 | D:9      | Learned a level 1 spell: Confusing Touch
  2607 | D:9      | Learned a level 2 spell: Song of Slaying
  2656 | D:10     | Reached skill level 5 in Dodging
  2656 | D:10     | Reached skill level 3 in Invocations
  2733 | D:10     | Killed an unseen horror
  2733 | D:10     | Reached skill level 6 in Fighting
  2733 | D:10     | Reached skill level 4 in Invocations
  2746 | D:10     | Found a staircase to the Lair.
  2898 | D:11     | Reached XP level 10. HP: 88/98 MP: 12/12
  2956 | D:11     | Received a gift from Okawaru
  2956 | D:11     | Reached skill level 5 in Invocations
  3277 | D:12     | Reached ***** piety under Okawaru
  3277 | D:12     | Reached skill level 6 in Invocations
  3303 | D:12     | Found a glowing silver altar of Zin.
  3335 | D:12     | Killed an unseen horror
  3405 | D:12     | Noticed Fannar
  3406 | D:12     | Noticed a two-headed ogre
  3488 | D:11     | Reached skill level 7 in Fighting
  3488 | D:11     | Reached skill level 7 in Invocations
  3532 | D:12     | Noticed a manticore
  3541 | D:12     | Killed a manticore
  3679 | D:12     | Received a gift from Okawaru
  3680 | D:12     | Got a heavily jewelled robe {god gift}
  3696 | D:12     | Identified the +5 robe of the Doge {god gift, rElec rPois rC- Regen+} (Okawaru gifted it to you on level 12 of the Dungeon)
  3696 | D:12     | hmmmmmmmmmmmmmm
  3696 | D:12     | then i'll encounter a white ugly thing and that'll be rip
  3696 | D:12     | or just some random rime drake in lair
  3782 | D:12     | Reached skill level 11 in Unarmed Combat
  3916 | D:12     | Reached XP level 11. HP: 109/109 MP: 15/15
  4070 | D:13     | Noticed an eight-headed hydra
  4187 | D:12     | Killed Fannar
  4211 | D:12     | robe of the doge
  4211 | D:12     | jesus
  4242 | D:11     | Noticed a green ugly thing
  4252 | D:11     | Killed a green ugly thing
  4269 | D:11     | Found a staircase to the Orcish Mines.
  4320 | D:11     | Reached skill level 12 in Unarmed Combat
  4416 | D:11     | Noticed a seven-headed hydra
  4463 | Lair:1   | Entered Level 1 of the Lair of Beasts
  4496 | Lair:1   | Noticed Gastronok
  4530 | Lair:1   | Killed Gastronok
  4530 | Lair:1   | Reached skill level 8 in Fighting
  4530 | Lair:1   | Reached skill level 3 in Throwing
  4741 | Lair:2   | Reached skill level 4 in Throwing
  4906 | Lair:2   | Found a labyrinth entrance.
  4918 | Lab      | Entered a labyrinth
  4919 | Lab      | F U N begins
  5300 | Lab      | Noticed a minotaur
  5308 | Lab      | Killed a minotaur
  5308 | Lab      | Received a gift from Okawaru
  5308 | Lab      | Reached skill level 5 in Throwing
  5327 | Lab      | Identified the Handbook of Glacial Displacement
  5328 | Lab      | Found the macabre finger necklace {rN+}
  5328 | Lab      | Got a bound emerald amulet
  5328 | Lab      | Got a pitted granite ring
  5329 | Lab      | Identified the amulet "Vegaba" {Harm *Drain rF- Str+7 Int+4} (You found it in a labyrinth)
  5333 | Lab      | Identified the ring of Greed {Fire MR+ MP-9 Dex+4} (You found it in a labyrinth)
  5385 | Lair:2   | Reached XP level 12. HP: 85/122 MP: 7/16
  5398 | Lair:2   | rc--
  5398 | Lair:2   | boy this will end well
  5474 | Lair:2   | Noticed a four-headed hydra
  5548 | Lair:4   | Found a staircase to the Shoals.
  5567 | Lair:4   | Reached skill level 6 in Throwing
  5841 | Lair:4   | Noticed an eight-headed hydra
  5944 | Lair:3   | Found a hole to the Spider Nest.
  5961 | Lair:3   | Noticed Urug
  5987 | Lair:3   | Killed Urug
  5987 | Lair:3   | Reached skill level 6 in Dodging
  6094 | Lair:4   | Noticed a four-headed hydra
  6153 | Lair:6   | Entered Level 6 of the Lair of Beasts
  6182 | Lair:5   | Noticed a five-headed hydra
  6195 | Lair:5   | Killed a five-headed hydra
  6252 | Lair:4   | Reached skill level 13 in Unarmed Combat
  6261 | Lair:4   | Learned a level 3 spell: Ozocubu's Armour
  6334 | Lair:5   | Received a gift from Okawaru
  6338 | Lair:5   | Reached skill level 9 in Fighting
  6345 | Lair:5   | Reached skill level 1 in Ice Magic
  6352 | Lair:5   | Reached skill level 3 in Charms
  6434 | Lair:6   | Noticed a five-headed hydra
  6455 | Lair:5   | Found a staircase to the Slime Pits.
  6532 | Lair:6   | hopeless
  6532 | Lair:6   | open with tons of shit everywhere
  6533 | Lair:6   | Noticed a six-headed hydra
  6536 | Lair:6   | Noticed a seven-headed hydra
  6543 | Lair:5   | and dream sheep too
  6543 | Lair:5   | and hydras
  6837 | D:11     | Killed a seven-headed hydra
  6837 | D:11     | Reached skill level 2 in Ice Magic
  6933 | Orc:1    | Entered Level 1 of the Orcish Mines
  6933 | Orc:1    | Found a flagged portal.
  6962 | Bailey   | Entered a bailey
  6963 | Bailey   | :/
  6963 | Bailey   | crossbow bailey
  7124 | Orc:1    | Noticed a two-headed ogre
  7132 | Orc:1    | Killed a two-headed ogre
  7132 | Orc:1    | Reached skill level 4 in Charms
  7241 | Orc:2    | Entered Level 2 of the Orcish Mines
  7332 | Orc:2    | Noticed a two-headed ogre
  7342 | Orc:2    | Killed a two-headed ogre
  7392 | Orc:2    | Reached skill level 3 in Ice Magic
  7545 | Orc:2    | Reached XP level 13. HP: 131/131 MP: 8/17
  7641 | Orc:2    | Found Uneakept's Gadget Emporium.
  7668 | Orc:2    | Found Madousm's Antique Weapon Shoppe.
  7723 | Orc:2    | Found a roughly hewn altar of Beogh.
  7755 | Orc:2    | Reached skill level 4 in Ice Magic
  7757 | Orc:2    | Reached skill level 1 in Translocations
  7861 | Orc:2    | Learned a level 1 spell: Beastly Appendage
  8060 | Orc:2    | Found a staircase to the Elven Halls.
  8064 | Orc:2    | Reached skill level 1 in Transmutations
  8202 | Orc:2    | Noticed Saint Roka
  8210 | Orc:2    | this is gonna be TOUGH
  8224 | Orc:2    | Killed Saint Roka
  8224 | Orc:2    | Received a gift from Okawaru
  8224 | Orc:2    | Reached skill level 2 in Translocations
  8224 | Orc:2    | Reached skill level 2 in Transmutations
  8225 | Orc:2    | Reached skill level 3 in Transmutations
  8349 | Orc:2    | Reached skill level 10 in Fighting
  8375 | Orc:2    | Received a gift from Okawaru
  8446 | Orc:2    | Reached skill level 1 in Shields
  8477 | Orc:2    | Found Lirisa's Weapon Shoppe.
  8485 | Orc:2    | longbow of speed
  8485 | Orc:2    | oh well
  8496 | Orc:2    | Found a roughly hewn altar of Beogh.
  8561 | Orc:2    | Reached skill level 2 in Shields
  8622 | Orc:2    | Reached skill level 3 in Shields
  8638 | Orc:2    | Found Aphuozas's Weapon Boutique.
  8646 | Orc:2    | Bought 6 large rocks for 58 gold pieces
  8646 | Orc:2    | talk about shit shops
  8731 | Orc:2    | Bought a phantom mirror for 300 gold pieces
  8731 | Orc:2    | Bought a sack of spiders for 200 gold pieces
  8731 | Orc:2    | Bought a sack of spiders for 200 gold pieces
  8899 | D:13     | Reached skill level 4 in Shields
  9108 | D:13     | Reached skill level 5 in Shields
  9373 | D:14     | Reached skill level 6 in Shields
  9471 | D:14     | Reached XP level 14. HP: 126/143 MP: 9/18
  9567 | D:15     | Entered Level 15 of the Dungeon
  9599 | D:15     | Reached skill level 7 in Shields
  9661 | D:15     | Gained mutation: Scrolls take you a little longer to read. [mutagenic meat]
  9855 | D:14     | Reached skill level 8 in Shields
  9922 | D:14     | Gained mutation: You are partially covered in icy blue scales. (AC +2) [mutagenic meat]
  9923 | D:14     | Gained mutation: You can translocate small distances at will. [mutagenic meat]
  9929 | D:14     | Lost mutation: You can translocate small distances at will. [mutagenic meat]
  9933 | D:14     | Gained mutation: Your movements are slightly less encumbered by armour. (ER -2) [mutagenic meat]
  9934 | D:14     | Gained mutation: You are dopey. (Int -2) [mutagenic meat]
  9935 | D:14     | Gained mutation: Your flesh is cold resistant. (rC+) [mutagenic meat]
  9937 | D:14     | Lost mutation: Your flesh is cold resistant. (rC+) [mutagenic meat]
  9939 | D:14     | Lost mutation: Scrolls take you a little longer to read. [mutagenic meat]
  9940 | D:14     | Gained mutation: You have a pair of small horns on your head. [mutagenic meat]
  9941 | D:14     | Gained mutation: You are mostly covered in icy blue scales. (AC +3) [mutagenic meat]
  9942 | D:14     | Gained mutation: You have sharp toenails. [mutagenic meat]
 10044 | D:15     | Received a gift from Okawaru
 10044 | D:15     | Reached skill level 9 in Shields
 10046 | D:15     | Reached ****** piety under Okawaru
 10204 | D:15     | Received a gift from Okawaru
 10213 | D:15     | Reached skill level 10 in Shields
 10439 | Spider:1 | Entered Level 1 of the Spider Nest
 10551 | Spider:1 | Received a gift from Okawaru
 10565 | Spider:1 | Got a faintly glowing shield {god gift}
 10576 | Spider:1 | Identified the +4 shield "Peuttuliaw" {god gift, rElec MR+ Str+3} (Okawaru gifted it to you on level 1 of the Spider Nest)
 10579 | Spider:1 | damn
 10698 | Spider:2 | Reached skill level 4 in Transmutations
 10816 | Spider:2 | Reached XP level 15. HP: 112/149 MP: 10/19
 10818 | Spider:2 | Reached skill level 5 in Transmutations
 10915 | Spider:2 | Noticed Louise
 10919 | Spider:2 | Killed Louise
 10930 | Spider:2 | Noticed Arachne
 10962 | Spider:2 | Killed Arachne
 10962 | Spider:2 | Received a gift from Okawaru
 10962 | Spider:2 | Reached skill level 14 in Unarmed Combat
 10962 | Spider:2 | Reached skill level 6 in Transmutations
 11021 | Spider:2 | Learned a level 3 spell: Regeneration
 11165 | Spider:1 | Reached skill level 7 in Transmutations
 11262 | Spider:2 | Reached skill level 2 in Spellcasting
 11400 | Spider:4 | Entered Level 4 of the Spider Nest
 11458 | Spider:3 | Learned a level 2 spell: Passwall
 11469 | Spider:3 | Received a gift from Okawaru
 11508 | Spider:4 | Reached skill level 1 in Earth Magic
 11637 | Spider:4 | Reached skill level 2 in Earth Magic
 11724 | Spider:4 | Reached skill level 3 in Earth Magic
 11765 | Spider:4 | Reached skill level 3 in Spellcasting
 11838 | Spider:4 | Found a frozen archway.
 11871 | IceCv    | Entered an ice cave
 11932 | IceCv    | Reached skill level 4 in Earth Magic
 12378 | IceCv    | Noticed an Ice Fiend
 12393 | IceCv    | Killed an Ice Fiend
 12393 | IceCv    | Reached skill level 8 in Transmutations
 12393 | IceCv    | Reached skill level 5 in Earth Magic
 12393 | IceCv    | Reached XP level 16. HP: 158/158 MP: 13/20
 12527 | Spider:3 | Noticed Agnes
 12539 | Spider:3 | Killed Agnes
 12647 | Spider:4 | Reached skill level 6 in Earth Magic
 12651 | Spider:4 | Received a gift from Okawaru
 12831 | Spider:4 | Reached skill level 7 in Earth Magic
 13003 | Spider:4 | Gained mutation: You have razor-sharp toenails. [mutagenic meat]
 13004 | Spider:4 | Gained mutation: You are robust. (+10% HP) [mutagenic meat]
 13006 | Spider:4 | Gained mutation: You are very robust. (+20% HP) [mutagenic meat]
 13007 | Spider:4 | N O I C E
 13048 | Spider:4 | Received a gift from Okawaru
 13048 | Spider:4 | Reached skill level 8 in Earth Magic
 13067 | Spider:4 | Got a gossamer rune of Zot
 13461 | Shoals:1 | Entered Level 1 of the Shoals
 13478 | Shoals:1 | Received a gift from Okawaru
 13493 | Shoals:1 | ok, i can kill an impaler without heroism pretty easily, this should be fine
 13493 | Shoals:1 | Identified a scroll of acquirement
 13523 | Shoals:1 | Reached skill level 9 in Transmutations
 13702 | Shoals:1 | Noticed Frances
 13731 | Shoals:1 | Killed Frances
 13731 | Shoals:1 | Reached skill level 9 in Earth Magic
 13861 | Shoals:2 | HP: 37/189 [snapping turtle (26)]
 13862 | Shoals:2 | HP: 14/189 [snapping turtle (7)]
 14201 | Shoals:2 | Reached skill level 10 in Earth Magic
 14546 | Shoals:3 | Reached XP level 17. HP: 199/199 MP: 21/21
 14664 | Shoals:4 | Entered Level 4 of the Shoals
 14682 | Shoals:4 | Noticed Ilsuiw
 14697 | Shoals:4 | Killed Ilsuiw
 14703 | Shoals:4 | Noticed a kraken
 14860 | Shoals:4 | Reached skill level 11 in Earth Magic
 15177 | Shoals:4 | Received a gift from Okawaru
 15188 | Shoals:4 | Reached skill level 10 in Transmutations
 15380 | Shoals:4 | Noticed Jorgrun
 15400 | Shoals:4 | Killed Jorgrun
 15767 | Shoals:4 | Reached skill level 12 in Earth Magic
 15781 | Shoals:4 | Received a gift from Okawaru
 15786 | Shoals:4 | Noticed a kraken
 15798 | Shoals:4 | Reached skill level 4 in Spellcasting
 15893 | Shoals:4 | Got a barnacled rune of Zot
 16205 | Elf:1    | Entered Level 1 of the Elven Halls
 16416 | Elf:1    | Received a gift from Okawaru
 16556 | Elf:1    | Got a shimmering bronze amulet
 16698 | Elf:1    | Found Jallecenk's Weapon Emporium.
 16699 | Elf:1    | Identified the amulet "Leli Kyi" {Inacc Dex+5} (You found it on level 1 of the Elven Halls)
 16705 | Elf:1    | yet another weapon shop
 16857 | Elf:1    | Reached skill level 13 in Earth Magic
 17073 | Elf:1    | Noticed a Tzitzimitl
 17084 | Elf:1    | Noticed a Tzitzimitl
 17087 | Elf:1    | Received a gift from Okawaru
 17100 | Elf:1    | Identified the Almanac of Creative Confrontation
 17152 | Elf:3    | Entered Level 3 of the Elven Halls
 17152 | Elf:3    | Found a magical portal.
 17218 | WizLab   | Entered Doroklohe's Tomb
 17219 | WizLab   | XD
 17227 | WizLab   | ok, let's see what monsters are here
 17278 | WizLab   | Reached XP level 18. HP: 194/207 MP: 24/24
 17302 | WizLab   | Noticed a greater mummy
 17304 | WizLab   | and that's the end
 17304 | WizLab   | cya
 17456 | Elf:2    | Found an ancient bone altar of Kikubaaqudgha.
 17465 | Elf:2    | Reached skill level 5 in Spellcasting
 17735 | Elf:3    | Found Naadiem's Gadget Emporium.
 17736 | Elf:3    | Found Maefim's Jewellery Boutique.
 17736 | Elf:3    | Found Piro's Jewellery Boutique.
 17750 | Elf:3    | ok, there are some good rings here
 17754 | Elf:3    | Bought a +6 ring of evasion for 1092 gold pieces
 18183 | Elf:3    | ha ha who needs resistances
 18183 | Elf:3    | ;_;
 18244 | Elf:3    | Reached skill level 11 in Transmutations
 18259 | Elf:3    | Noticed a Brimstone Fiend
 18282 | Elf:3    | Received a gift from Okawaru
 18424 | Elf:3    | stealth + OP
 18491 | Elf:3    | Reached skill level 15 in Unarmed Combat
 18528 | Elf:3    | Noticed a Tzitzimitl
 18720 | Elf:3    | Reached skill level 6 in Spellcasting
 18827 | Elf:3    | Identified the ring of Fedhas's Pride {rElec rC+ Int+3 SInv Stlth-} (You took it off a deep elf death mage on level 3 of the Elven Halls)
 18835 | Elf:3    | Identified the amulet "Ommeyzxi" {Faith Str+2} (You took it off a deep elf demonologist on level 3 of the Elven Halls)
 18941 | Elf:3    | Learned a level 4 spell: Passage of Golubria
 18947 | Elf:3    | Learned a level 5 spell: Lee's Rapid Deconstruction
 18987 | Elf:3    | la la la no statue
 19005 | Elf:3    | Identified the amulet of Circularity {RegenMP rPois Str+4 SInv Stlth+} (You found it on level 3 of the Elven Halls)
 19013 | Elf:3    | Got a steaming cloak
 19024 | Elf:3    | Identified the +1 cloak "Disem" {+Fly rCorr Str+6 Int-4} (You found it on level 3 of the Elven Halls)
 19024 | Elf:3    | hm
 19024 | Elf:3    | no, int-4 sucks
 19024 | Elf:3    | i'll leave it by lair
 19028 | Elf:3    | Learned a level 1 spell: Summon Butterflies
 19099 | Elf:3    | Bought a +5 ring of protection for 935 gold pieces
 19178 | Elf:1    | Reached skill level 1 in Necromancy
 19501 | D:13     | Found a gate to the Vaults.
 19511 | D:13     | Reached skill level 2 in Necromancy
 19517 | D:13     | Received a gift from Okawaru
 19589 | Vaults:1 | Entered Level 1 of the Vaults
 19636 | Vaults:1 | Reached skill level 3 in Necromancy
 19654 | Vaults:1 | sfgsdfgsdg
 19753 | Vaults:1 | Reached XP level 19. HP: 194/217 MP: 27/27
 19866 | Vaults:1 | Reached skill level 4 in Necromancy
 19979 | Vaults:1 | Received a gift from Okawaru
 20057 | Vaults:1 | ...what?
 20057 | Vaults:1 | ah, right
 20057 | Vaults:1 | 0 evo
 20057 | Vaults:1 | oooops
 20065 | Vaults:1 | why do i carry these then
 20403 | Vaults:1 | Reached skill level 3 in Translocations
 20553 | Vaults:2 | Reached skill level 5 in Necromancy
 20631 | Vaults:2 | Noticed p0werm0de's ghost (adept GnCK)
 20631 | Vaults:2 | oh, so that's what happened with your last char
 20631 | Vaults:2 | ha ha
 20679 | Vaults:2 | Killed p0werm0de's ghost
 20679 | Vaults:2 | Received a gift from Okawaru
 20685 | Vaults:2 | ...
 20701 | Vaults:2 | Reached skill level 4 in Translocations
 20710 | Vaults:2 | Noticed a Tzitzimitl
 20990 | Vaults:2 | Reached skill level 7 in Dodging
 21039 | Vaults:1 | Reached skill level 5 in Translocations
 21065 | Vaults:1 | Received a gift from Okawaru
 21065 | Vaults:1 | Reached skill level 16 in Unarmed Combat
 21403 | Vaults:2 | Received a gift from Okawaru
 21633 | Vaults:2 | Reached skill level 6 in Translocations
 21852 | Vaults:3 | Found a staircase to the Crypt.
 21852 | Vaults:3 | Found a basalt altar of Yredelemnul.
 21853 | Vaults:3 | Found an ancient bone altar of Kikubaaqudgha.
 21977 | Vaults:3 | Reached XP level 20. HP: 227/229 MP: 28/28
 21978 | Vaults:3 | Reached skill level 8 in Dodging
 22171 | Vaults:3 | Reached skill level 7 in Translocations
 22480 | Vaults:4 | Reached skill level 1 in Evocations
 22524 | Vaults:4 | Received a gift from Okawaru
 22534 | Vaults:4 | Identified the +1 robe of Nuohirr {god gift, rElec rC+ MR+ Int-3} (Okawaru gifted it to you on level 4 of the Vaults)
 22616 | Vaults:4 | Found Teovut's Armour Emporium.
 22732 | Vaults:3 | Found Jiluq's Antique Weapon Shop.
 22829 | Vaults:3 | Reached skill level 2 in Evocations
 23063 | Vaults:4 | i really don't have any luck with vaults layouts
 23111 | Vaults:4 | well then
 23111 | Vaults:4 | v5 or slime
 23111 | Vaults:4 | both will be bad
 23111 | Vaults:4 | the question is which will be less bad
 23111 | Vaults:4 | oh well no risk no fun
 23114 | Vaults:5 | Entered Level 5 of the Vaults
 23140 | Vaults:5 | Noticed a golden dragon
 23147 | Vaults:5 | Killed a golden dragon
 23147 | Vaults:5 | Reached skill level 11 in Fighting
 23147 | Vaults:5 | Reached skill level 3 in Evocations
 23190 | Vaults:5 | HP: 37/234 [disintegration (22)]
 23202 | Vaults:5 | Reached skill level 4 in Evocations
 23220 | Vaults:5 | Got a crude pewter amulet
 23390 | Vaults:5 | great fucking distortion
 23397 | Vaults:5 | Reached skill level 5 in Evocations
 23470 | Vaults:5 | Noticed a golden dragon
 23488 | Vaults:5 | Received a gift from Okawaru
 23532 | Vaults:5 | Killed a golden dragon
 23532 | Vaults:5 | Reached skill level 6 in Evocations
 23533 | Vaults:5 | Received a gift from Okawaru
 23585 | Vaults:5 | Got a fine glass ring
 23587 | Vaults:5 | Identified the ring of Nywkijig {rF+ Int+3} (You took it off a frost giant on level 5 of the Vaults)
 23729 | Vaults:5 | Reached XP level 21. HP: 211/242 MP: 15/29
 23744 | Vaults:5 | Reached skill level 7 in Evocations
 23747 | Vaults:5 | this is honestly going better than i expected
 23747 | Vaults:5 | as in i'm alive and all that
 23768 | Vaults:5 | Identified the amulet "Ikli" {Gourm rElec Str+3 Int+3 Dex-2} (You found it on level 5 of the Vaults)
 23808 | Vaults:5 | Reached skill level 17 in Unarmed Combat
 23940 | Vaults:5 | Received a gift from Okawaru
 23947 | Vaults:5 | hm
 23947 | Vaults:5 | maybe i should just get a dragon armor for now
 23954 | Vaults:5 | maybe i'll learn dragon instead of statue
 23954 | Vaults:5 | hurrr
 24113 | Vaults:5 | Reached skill level 8 in Evocations
 24195 | Vaults:5 | Noticed a golden dragon
 24200 | Vaults:5 | Killed a golden dragon
 24235 | Vaults:5 | Reached skill level 9 in Evocations
 24245 | Vaults:5 | """53%"""
 24344 | Vaults:5 | Got a silver rune of Zot
 24405 | Vaults:5 | no, not book of the warp
 24405 | Vaults:5 | come on
 24514 | Vaults:5 | Received a gift from Okawaru
 24531 | Vaults:5 | Noticed an ancient lich
 24543 | Vaults:5 | Killed an ancient lich
 24543 | Vaults:5 | Reached skill level 1 in Summonings
 24563 | Vaults:5 | Reached skill level 10 in Evocations
 24590 | Vaults:5 | Reached skill level 2 in Summonings
 24729 | Vaults:5 | Reached skill level 3 in Summonings
 24739 | Vaults:5 | Received a gift from Okawaru
 24802 | Vaults:5 | no statue (of course)
 24802 | Vaults:5 | well then, slime next
 24802 | Vaults:5 | maybe i should just take some dragon armor, for real
 24894 | Vaults:4 | Reached skill level 18 in Unarmed Combat
 25007 | Vaults:4 | Reached skill level 1 in Armour
 25054 | Vaults:3 | Reached XP level 22. HP: 253/253 MP: 30/30
 25114 | Vaults:2 | Reached skill level 2 in Armour
 25524 | Slime:1  | Entered Level 1 of the Pits of Slime
 25529 | Slime:1  | dis gon b gud
 25546 | Lair:5   | Reached skill level 3 in Armour
 25554 | Lair:5   | oh
 25554 | Lair:5   | boy
 25597 | Slime:1  | Gained mutation: Scrolls take you a little longer to read. [a shining eye]
 25599 | Slime:1  | Gained mutation: Armour fits poorly on your strangely shaped body. [a shining eye]
 25600 | Slime:1  | Gained mutation: You expend magic power (3 MP) to strengthen your wands. [a shining eye]
 25632 | Slime:2  | Reached skill level 4 in Armour
 25701 | Slime:3  | Received a gift from Okawaru
 25701 | Slime:3  | Reached skill level 5 in Armour
 25728 | Slime:5  | Entered Level 5 of the Pits of Slime
 25796 | Slime:5  | okay
 25809 | Slime:5  | Found a viscous altar of Jiyva.
 25810 | Slime:5  | Noticed the Royal Jelly
 25834 | Slime:5  | Found the ring of the Octopus King
 25844 | Slime:5  | Killed the Royal Jelly
 25844 | Slime:5  | Reached skill level 7 in Throwing
 25849 | Slime:5  | Paralysed by a floating eye for 3 turns
 25857 | Slime:5  | Paralysed by a floating eye for 4 turns
 25858 | Slime:5  | HP: 41/253 [death ooze (23)]
 25859 | Slime:5  | HP: 19/253 [acid blob[the Royal Jelly] (16)]
 25859 | Slime:5  | HP: 5/253 [death ooze (9)]
 25859 | Slime:5  | HP: 1/253 [acid blob[the Royal Jelly] (2)]
 25859 | Slime:5  | Splashed by an acid blob's acid

Vault maps used:
D:1:      ncdulo_halloftheorcs
D:2:      minmay_door_path, zin_academy, lemuel_coloured_pillars_altar,
          okawaru_trees_1, uniq_natasha
D:3:      fedhas_altar_2, first_bread, uniq_grinder
D:5:      temple_statues, serial_shops, shop, kennysheep_windowed_goal
D:6:      nemelex_xobeh_ov_fountains_minmay, grunt_ministairs_1,
          minmay_ruined_shrine
D:7:      lemuel_doored_altar
D:8:      kennysheep_mini_moat, basic_altar, minivault_1, uniq_psyche
D:9:      hangedman_fish_farm, uniq_grum
D:10:     dpeg_lair_monsters, kennysheep_generic_room_9
D:11:     david_orc_2
D:12:     basic_altar, uniq_fannar
D:13:     grunt_vaults_entry_fortified, serial_bayou, serial_bayou_ford_a,
          serial_bayou_shore_a, serial_bayou_pond_c, serial_bayou_pond_e,
          grunt_tough_drop
D:14:     corner_web_ring, serial_park_tiny_2
D:15:     hangedman_depths_entry_civil_slaughter, minmay_gold_behind_fungi
Lair:1:   uniq_sonja, uniq_gastronok
Lair:2:   lab_entry_generic
Lair:3:   spider_nest_entry_web_field, lemuel_fruit_tree,
          minmay_lair_oklob_chamber, uniq_urug
Lair:4:   minmay_shoals_entry_centaurs
Lair:5:   slime_dummy
Lair:6:   grunt_lair_end_beastmaster, uniq_snorg
Shoals:1: uniq_frances
Shoals:2: uniq_roxanne
Shoals:4: shoals_end_hangedman, shoals_ilsuiw_ice, uniq_jorgrun
Spider:2: lemuel_spider_zombies, spider_trap, uniq_louise, uniq_arachne
Spider:3: nicolae_spider_shape, uniq_agnes, uniq_nikola
Spider:4: grunt_spider_rune_circles, portal_ice_cave_entry_frozen_things,
          nicolae_spider_cling_ruins
Slime:3:  uniq_dissolution
Orc:1:    enter_bailey_1
Orc:2:    pubby_orc_utopia, serial_shops
Elf:1:    elf_arrival_001, serial_shops, shop_statue, minmay_elf_sorcery,
          spider_trap, nicolae_elf_stone_circles,
          minmay_checkered_concentric_circles
Elf:2:    basic_altar
Elf:3:    minmay_elf_hall_not_hex, infiniplex_enter_wizlab_water,
          minmay_shop_grove
Vaults:1: nicolae_vaults_triangles, dpeg_vaults_monster_box, v_rooms_4,
          v_misc_33, hangedman_vaults_nails, vaults_room_ringed_pool,
          v_alt_pattern_5, grunt_vaults_hallway_long, grunt_vaults_hallway_long,
          hangedman_vaults_corner_blocks, ontoclasm_vaults_ligature,
          nicolae_vaults_little_ls, vaults_room_pools, serial_ice_h
Vaults:2: vaults_dpeg_hooks, v_rooms_6, ontoclasm_vaults_twist,
          vaults_mumra_minichess, v_misc_11, nicolae_vaults_network_periphery,
          v_misc_27, vaults_mumra_bighexcomb, nicolae_vaults_three_branches,
          vaults_dpeg_diagonal
Vaults:3: minmay_crypt_entry_necro_gods, ontoclasm_vaults_fault,
          ontoclasm_vaults_bender, v_misc_9, ontoclasm_vaults_eye,
          nicolae_vaults_network_star, v_pattern_1,
          nicolae_vaults_mini_display_case, vaults_room_fancy_cross,
          vaults_dpeg_encased_lava, vaults_standard_mumra_lines,
          ontoclasm_vaults_pinch, st_spiral_rooms, serial_shops, shop
Vaults:4: v_misc_22, v_misc_26, hangedman_vaults_trim, v_misc_12,
          nicolae_vaults_specimen_jars, st_diamondy,
          hangedman_vaults_corner_blocks, nicolae_vaults_border_crossing,
          v_misc_30, nicolae_vaults_little_squares_5, nicolae_vaults_asterisk,
          vaults_room_door_hall, serial_shops, shop
Vaults:5: serial_shops
Lab:      labyrinth_spiral, nicolae_lab_hexagon
Bailey:   bailey_polearm_4, bailey
IceCv:    ice_cave_caverns_01
WizLab:   wizlab_doroklohe

Skill      XL: |  1  2  3  4  5  6  7  8  9 10 11 12 13 14 15 16 17 18 19 20 21 22 |
---------------+-------------------------------------------------------------------+-----
Unarmed Combat | 4 5 6 7 8 9 10 11 12 13 14 15 16 18 | 18.0
Fighting       | 3 5 6 7 8 9 10 11 | 11.2
Dodging        | 3 5 6 7 8 |  8.2
Invocations    | 4 7 |  7.1
Throwing       | 5 6 7 |  7.0
Ice Magic      | 3 4 |  4.1
Charms         | 4 |  4.1
Translocations | 2 6 7 |  7.2
Transmutations | 3 4 8 9 10 11 | 11.9
Shields        | 6 10 | 10.3
Spellcasting   | 3 4 6 |  6.5
Earth Magic    | 5 10 13 | 13.1
Necromancy     | 3 5 |  5.1
Evocations     | 6 10 | 10.2
Summonings     | 3 |  3.6
Armour         | 1 5 |  5.1

Action                   |  1- 3 |  4- 6 |  7- 9 | 10-12 | 13-15 | 16-18 | 19-21 | 22-24 || total
-------------------------+-------+-------+-------+-------+-------+-------+-------+-------++-------
Melee: Unarmed           |    58 |   100 |   247 |   622 |  1217 |  1629 |  1612 |   145 ||  5630
       Punch             |       |     3 |     7 |    43 |    31 |       |       |       ||    84
       Kick              |       |       |       |       |   240 |   496 |   600 |    73 ||  1409
       Headbutt          |       |       |       |       |   173 |   328 |   393 |    42 ||   936
       Scimitar          |       |       |       |       |     5 |       |       |       ||     5
Throw: Large rock        |       |       |       |     3 |    13 |    15 |    34 |    22 ||    87
       Tomahawk          |       |       |       |       |    76 |    63 |       |       ||   139
 Cast: Shroud of Golubri |     1 |       |       |       |       |       |       |       ||     1
       Apportation       |       |       |       |       |    10 |    36 |    50 |    22 ||   118
       Song of Slaying   |       |       |       |       |     1 |       |       |       ||     1
       Regeneration      |       |       |       |       |       |       |    30 |     7 ||    37
       Passage of Golubr |       |       |       |       |       |       |     6 |     1 ||     7
       Ozocubu's Armour  |       |       |       |       |       |       |    10 |       ||    10
       Summon Butterflie |       |       |       |       |       |       |     1 |       ||     1
Invok: Heroism           |       |     1 |     7 |    18 |    39 |    42 |    35 |     6 ||   148
       Finesse           |       |       |       |     4 |     7 |    11 |    10 |     1 ||    33
Evoke: Wand              |       |       |     2 |       |     4 |     5 |    10 |       ||    21
       Lamp of fire      |       |       |       |       |       |     1 |     2 |       ||     3
       Sack of spiders   |       |       |       |       |       |       |     1 |       ||     1
       Box of beasts     |       |       |       |       |       |       |       |     1 ||     1
       Phantom mirror    |       |       |       |       |       |       |       |     1 ||     1
  Use: Scroll            |     1 |     1 |     6 |    10 |    12 |    23 |    11 |     1 ||    65
       Potion            |       |       |       |     3 |     2 |     3 |     7 |     1 ||    16
 Stab: Sleeping          |     1 |       |       |       |     2 |       |       |       ||     3
       Invisible         |       |       |       |     1 |       |       |       |       ||     1
       Distracted        |       |       |       |       |     1 |       |       |       ||     1
  Eat: Chunk             |     9 |     6 |    17 |    46 |    57 |    78 |    52 |     4 ||   269
Armor: Robe              |    16 |    19 |    68 |   177 |   307 |   342 |   174 |       ||  1103
       Troll leather arm |       |       |       |     1 |       |       |       |       ||     1
       Skin              |       |       |       |    35 |     1 |     2 |       |       ||    38
       Quicksilver drago |       |       |       |       |       |       |     5 |    47 ||    52
Dodge: Dodged            |    19 |    32 |   106 |   350 |   429 |   529 |   429 |    76 ||  1970
Block: Large shield      |       |       |       |       |   269 |       |       |       ||   269
       Shield            |       |       |       |       |   388 |  1003 |   702 |    98 ||  2191

Table legend:
 A = Spawn XP
 B = Non-spawn XP
 C = Spawn XP percentage of total XP
 D = Spawn monster count
 E = Non-spawn monster count
 F = Spawn count percentage of total count
 G = Total turns spent on level
                    A         B        C        D         E        F      G
               +---------+---------+-------+---------+---------+-------+---------
         Total |       0 |  752157 |   0.0 |       0 |    1460 |   0.0 | 25859
               +---------+---------+-------+---------+---------+-------+---------
           D:1 |       0 |      34 |   0.0 |       0 |      13 |   0.0 |   234
           D:2 |       0 |      42 |   0.0 |       0 |       4 |   0.0 |    96
           D:3 |       0 |      98 |   0.0 |       0 |      24 |   0.0 |   274
           D:4 |       0 |      49 |   0.0 |       0 |       1 |   0.0 |   178
           D:5 |       0 |      94 |   0.0 |       0 |       7 |   0.0 |   149
           D:6 |       0 |    1116 |   0.0 |       0 |      22 |   0.0 |   532
           D:7 |       0 |     219 |   0.0 |       0 |       6 |   0.0 |   152
           D:8 |       0 |    1734 |   0.0 |       0 |      24 |   0.0 |   482
           D:9 |       0 |     662 |   0.0 |       0 |       9 |   0.0 |   349
          D:10 |       0 |    1476 |   0.0 |       0 |      19 |   0.0 |   619
          D:11 |       0 |    5038 |   0.0 |       0 |      34 |   0.0 |   820
          D:12 |       0 |    8437 |   0.0 |       0 |      54 |   0.0 |  1051
          D:13 |       0 |   14474 |   0.0 |       0 |      34 |   0.0 |   799
          D:14 |       0 |   10897 |   0.0 |       0 |      26 |   0.0 |   461
          D:15 |       0 |   14832 |   0.0 |       0 |      32 |   0.0 |   491
        Lair:1 |       0 |    2758 |   0.0 |       0 |       4 |   0.0 |   303
        Lair:2 |       0 |    3319 |   0.0 |       0 |      14 |   0.0 |   498
        Lair:3 |       0 |    2758 |   0.0 |       0 |      16 |   0.0 |   529
        Lair:4 |       0 |    2692 |   0.0 |       0 |      13 |   0.0 |   391
        Lair:5 |       0 |    9256 |   0.0 |       0 |      19 |   0.0 |   490
      Shoals:1 |       0 |   19504 |   0.0 |       0 |      36 |   0.0 |   626
      Shoals:2 |       0 |    8840 |   0.0 |       0 |      16 |   0.0 |   277
      Shoals:3 |       0 |   10352 |   0.0 |       0 |      22 |   0.0 |   459
      Shoals:4 |       0 |   36430 |   0.0 |       0 |      55 |   0.0 |  1243
      Spider:1 |       0 |   13006 |   0.0 |       0 |      44 |   0.0 |   408
      Spider:2 |       0 |   27393 |   0.0 |       0 |      67 |   0.0 |   606
      Spider:3 |       0 |   10031 |   0.0 |       0 |      28 |   0.0 |   359
      Spider:4 |       0 |   33608 |   0.0 |       0 |      64 |   0.0 |   967
       Slime:1 |       0 |    4592 |   0.0 |       0 |       8 |   0.0 |    42
       Slime:2 |       0 |    7520 |   0.0 |       0 |      14 |   0.0 |    63
       Slime:3 |       0 |    6790 |   0.0 |       0 |       6 |   0.0 |    38
       Slime:5 |       0 |   20198 |   0.0 |       0 |      11 |   0.0 |   131
         Orc:1 |       0 |    1778 |   0.0 |       0 |       7 |   0.0 |   372
         Orc:2 |       0 |   18732 |   0.0 |       0 |     132 |   0.0 |  1626
         Elf:1 |       0 |   29234 |   0.0 |       0 |      47 |   0.0 |  1034
         Elf:2 |       0 |    6836 |   0.0 |       0 |      11 |   0.0 |   241
         Elf:3 |       0 |   61680 |   0.0 |       0 |      56 |   0.0 |  1626
      Vaults:1 |       0 |   39938 |   0.0 |       0 |      73 |   0.0 |   992
      Vaults:2 |       0 |   51183 |   0.0 |       0 |      76 |   0.0 |  1294
      Vaults:3 |       0 |   39493 |   0.0 |       0 |      69 |   0.0 |  1021
      Vaults:4 |       0 |   20848 |   0.0 |       0 |      35 |   0.0 |   603
      Vaults:5 |       0 |  189929 |   0.0 |       0 |     144 |   0.0 |  1761
           Lab |       0 |    1071 |   0.0 |       0 |       1 |   0.0 |   436
         IceCv |       0 |   10729 |   0.0 |       0 |      59 |   0.0 |   615
        WizLab |       0 |    2457 |   0.0 |       0 |       4 |   0.0 |    95
               +---------+---------+-------+---------+---------+-------+---------
